 Dungeon Crawl Stone Soup version 0.25.1-8-g42b30a86e7 (webtiles) character file.

Game seed: 9144907161466168144

102 Clowwww the Skirmisher (level 4, -2/35 HPs)
             Began as a Demonspawn Fighter on Dec 20, 2020.
             Slain by Crazy Yiuf
             ... wielding a +4 quarterstaff of chaos
              (5 damage)
             ... on level 2 of the Dungeon.
             The game lasted 00:02:59 (1538 turns).

Clowwww the Skirmisher (Demonspawn Fighter)         Turns: 1538, Time: 00:03:00

Health: -2/35      AC:  9    Str: 17    XL:     4   Next: 49%
Magic:  4/4        EV:  7    Int: 10    God:
Gold:   94         SH:  8    Dex: 12    Spells: 3/3 levels left

rFire    . . .     SeeInvis .   a - +0 war axe
rCold    . . .     Gourm    .   c - +0 kite shield
rNeg     . . .     Faith    .   b - +0 scale mail
rPois    .         Spirit   .   (no helmet)
rElec    .         Reflect  .   (no cloak)
rCorr    .         Harm     .   g - +0 pair of gloves
MR       .....                  (no boots)
Stlth    ..........             (no amulet)
HPRegen  0.11/turn              (no ring)
MPRegen  0.09/turn              (no ring)

@: mighty, lethally poisoned (-2 -> -19), hasted, lightly drained, very quick
A: iridescent scales 1, powered by death 1
a: no special abilities


You were on level 2 of the Dungeon.
You were very hungry.

You visited 1 branch of the dungeon, and saw 2 of its levels.

You collected 94 gold pieces.

Inventory:

Hand Weapons
 a - a +0 war axe (weapon)
Missiles
 p - 4 javelins (quivered)
Armour
 b - a +0 scale mail (worn)
 c - a +0 kite shield (worn)
 g - a +0 pair of gloves (worn)
Jewellery
 k - an uncursed amulet of magic regeneration {unknown}
Scrolls
 i - a scroll of remove curse {unknown}
 j - 2 scrolls of teleportation {unknown}
 l - a scroll of magic mapping {unknown}
 m - a scroll of identify {unknown}
Potions
 e - 2 potions of curing {unknown}
 h - 4 potions of haste {unknown}
 n - a potion of lignification {unknown}
 o - a potion of degeneration {unknown}
Comestibles
 f - 8 rations


   Skills:
 + Level 3.2(3.0) Fighting
 + Level 3.2(2.9) Axes
 + Level 3.0(2.8) Armour
 + Level 1.2(0.9) Dodging
 + Level 3.1(2.8) Shields


You had 3 spell levels left.
You didn't know any spells.
Your spell library was empty.

Dungeon Overview and Level Annotations

Branches:
Dungeon (2/15)

Altars:

Annotations:
D:2 Crazy Yiuf


Innate Abilities, Weirdness & Mutations

You are partially covered in iridescent scales. (AC +2)
You regenerate a little health from kills.


Message History

You feel yourself speed up.
You barely miss Crazy Yiuf.
Crazy Yiuf is severely wounded.
You block Crazy Yiuf's attack.
You hit Crazy Yiuf.
Crazy Yiuf is almost dead.
Crazy Yiuf hits you with a +4 quarterstaff of chaos.
You are poisoned.
You barely miss Crazy Yiuf.
Crazy Yiuf is almost dead.
You feel sick.
Crazy Yiuf hits you with a +4 quarterstaff of chaos!
* * * LOW HITPOINT WARNING * * *
You are more poisoned.
You hit Crazy Yiuf.
Crazy Yiuf is almost dead.
* * * LOW HITPOINT WARNING * * *
You feel sick.
Crazy Yiuf hits you with a +4 quarterstaff of chaos.
You die...

.........# ♣...♣♣
#..'........'
.........## ♣♣.♣♣
#.##........#
.....##...# ♣.♣♣
#<##..(.....#
.........## ♣♣.♣
#...........#
#........## ♣.♣♣
#.....(..##.#
#.........# ♣♣.♣
#.....(...#..
#...###..## ##'##
#.........#..
#.........# #..g#
#.........##.
.......#.## #..@#
#.....)...##. .........#
#..)# #...#.....##.
........## #####
#...'.....(..
........###
#.###........
..........###########.#
#...(.###
......................#
###..(..#
......................#
##.(...
.....#................##
#.....
.....#.................#
#)....


You could see Crazy Yiuf.

Vanquished Creatures
  Terence (D:2)
  A gnoll (D:1)
  An adder (D:2)
  2 oozes
  2 dart slugs (D:1)
  2 leopard geckos (D:1)
  2 giant cockroaches
  4 hobgoblins
  2 jackals (D:1)
  8 kobolds
  A quokka (D:2)
  A ball python (D:1)
  8 bats
  6 frilled lizards
  5 goblins
  2 rats (D:1)
48 creatures vanquished.

Notes
Turn   | Place    | Note
-------+----------+-------------------------------------------
     0 | D:1      | Clowwww the Demonspawn Fighter began the quest for the Orb.
     0 | D:1      | Reached XP level 1. HP: 18/18 MP: 1/1
    30 | D:1      | Reached skill level 1 in Dodging
    35 | D:1      | Gained mutation: You regenerate a little health from kills.
                  | [demonic ancestry]
    35 | D:1      | Reached XP level 2. HP: 20/24 MP: 2/2
   213 | D:1      | Gained mutation: You are partially covered in iridescent
                  | scales. (AC +2) [demonic ancestry]
   213 | D:1      | Reached XP level 3. HP: 19/29 MP: 3/3
   889 | D:2      | Reached XP level 4. HP: 26/35 MP: 4/4
  1140 | D:2      | Noticed Terence
  1150 | D:2      | Killed Terence
  1357 | D:2      | Found a runed translucent door.
  1358 | D:2      | Noticed Crazy Yiuf
  1538 | D:2      | Slain by Crazy Yiuf

Illustrated notes

Levels and vault maps discovered:
D:1:      minmay_arrival_four_houses, layout_basic, supply_closet_lemuel,
          corexii_corridor_pit
D:2:      layout_basic, uniq_crazy_yiuf_cottage, uniq_terence

Skill      XL: |  1  2  3  4 |
---------------+-------------+-----
Dodging        | 1 |  1.2
Axes           | 2 3 |  3.2
Shields        | 3 |  3.1
Armour         | 3 |  3.0
Fighting       | |  3.2

Action                   |  1- 3 |  4- 6 || total
-------------------------+-------+-------++-------
Melee: War axe           |   120 |    42 ||   162
  Use: Potion            |       |     1 ||     1
  Eat: Chunk             |       |     1 ||     1
Armor: Scale mail        |    90 |    17 ||   107
Dodge: Dodged            |    50 |    12 ||    62
Block: Kite shield       |    87 |    13 ||   100
